 Dungeon Crawl Stone Soup version 0.25-a0-631-gc915619fb7 (webtiles) character file.

Game seed: 7411383207367942967, levelgen mode: deterministic

151 n0claF the Chopper (level 5, -2/47 HPs)
             Began as a Hill Orc Monk on Mar 18, 2020.
             Slain by a gnoll
             ... wielding a +0 halberd
              (13 damage)
             ... on level 3 of the Dungeon.
             The game lasted 00:07:23 (2719 turns).

n0claF the Chopper (Hill Orc Monk)                  Turns: 2719, Time: 00:07:24

Health: -2/47      AC:  3    Str: 15    XL:     5   Next: 33%
Magic:  5/5        EV: 12    Int: 10    God:
Gold:   127        SH:  0    Dex: 13    Spells: 4/4 levels left

rFire    . . .     SeeInvis .   r - +0 war axe
rCold    . . .     Gourm    .   (no shield)
rNeg     . . .     Faith    .   m - +0 leather armour
rPois    .         Spirit   .   (no helmet)
rElec    .         Reflect  .   (no cloak)
rCorr    .         Harm     .   (no gloves)
MR       .....                  (no boots)
Stlth    ++........             (no amulet)
HPRegen  0.15/turn              (no ring)
MPRegen  0.09/turn              (no ring)

@: no status effects
A: no striking features
a: no special abilities


You were on level 3 of the Dungeon.
You were not hungry.

You visited 1 branch of the dungeon, and saw 3 of its levels.

You collected 127 gold pieces.

Inventory:

Hand Weapons
 a - a +0 hand axe
 r - a +0 war axe (weapon)
   (You found it on level 3 of the Dungeon)
Armour
 m - a +0 leather armour (worn)
   (You found it on level 1 of the Dungeon)
Scrolls
 b - a scroll of enchant armour {unknown}
 d - 4 scrolls of teleportation {unknown}
 g - 6 scrolls of identify {unknown}
 h - a scroll of amnesia {unknown}
 i - a scroll of blinking {unknown}
 l - a scroll of remove curse {unknown}
 n - 3 scrolls of immolation {unknown}
 o - a scroll of noise {unknown}
Potions
 c - a potion of heal wounds {unknown}
 f - a potion of lignification {unknown}
 j - 2 potions of curing {@q1}
 k - a potion of berserk rage {unknown}
 p - 2 potions of haste {unknown}
Comestibles
 e - 5 rations {!d}
 q - 3 chunks of flesh (quivered)


   Skills:
 + Level 4.6 Fighting
 * Level 6.2 Axes
 + Level 2.4 Armour
 - Level 2.4 Dodging
 - Level 1.5 Stealth


You had 4 spell levels left.
You didn't know any spells.
Your spell library was empty.

Dungeon Overview and Level Annotations

Branches:
Dungeon (3/15)

Altars:
Nemelex Xobeh


Message History

Found a hunting sling.
A gnoll is nearby!
A gnoll is nearby!
A gnoll is nearby!
The gnoll shouts!
A gnoll comes into view. It is wielding a +0 halberd.
The gnoll throws a throwing net.
The throwing net hits you.
You become entangled in the net!
Found a scroll labeled NOLUIDOSES.
You see here a throwing net {!f}.
You are held in a net!
Unknown command.
Unknown command.
You struggle against the net.
You struggle against the net.
The gnoll shouts!
A gnoll comes into view. It is wielding a +0 flail.
You shred the net and break free! You closely miss the gnoll.
The gnoll barely misses you.
You closely miss the gnoll. The gnoll misses you.
You hit the gnoll. The gnoll misses you. The gnoll hits you with a +0 halberd!
You hit the gnoll. The gnoll misses you.
The gnoll hits you from afar with a +0 halberd.
You closely miss the gnoll. You hit the gnoll. The gnoll closely misses you.
The gnoll hits you from afar with a +0 halberd!
* * * LOW HITPOINT WARNING * * *
The gnoll hits you with a +0 flail.
* * * LOW HITPOINT WARNING * * *
Quiver which item? (- for none, * to show all) (? for menu, Esc to quit)
You don't have any such object.
Quiver which item? (- for none, * to show all) (? for menu, Esc to quit)
You don't have any such object.
Quiver which item? (- for none, * to show all) (? for menu, Esc to quit)
Quivering
q - 3 chunks of flesh for throwing.
It was a potion of curing.
You feel better.
The gnoll hits you from afar with a +0 halberd.
* * * LOW HITPOINT WARNING * * *
The gnoll hits you but does no damage. The gnoll closely misses you.
You slash the gnoll!
You kill the gnoll!
You barely miss the gnoll. The gnoll misses you. x2
You closely miss the gnoll. The gnoll barely misses you.
The gnoll hits you but does no damage.
Unknown command.
You slash the gnoll! The gnoll hits you but does no damage.
The gnoll closely misses you.
You slash the gnoll!
You kill the gnoll!
The gnoll hits you from afar with a +0 halberd!
You die...

...###....... ...
##(......###.. ...#
).#.#####.>##.8 ....#
#..#.## ##.##.. .
...###...#..# #.#... ?.#
.......##..#####.....
#...#
#...###...##.....#..
#..=#####...)....###....
#..g)@..........###..8
#...###)##....###..##.รท.
###...........# ##...#..
########....# ###....
#....# ###.. ###### #..
#.. ###


You could see a gnoll.

Vanquished Creatures
  2 gnolls (D:3)
  3 adders
  An ooze (D:1)
  A worm (D:2)
  5 dart slugs
  3 leopard geckos
  3 orcs (D:3)
  2 ball pythons
  7 giant cockroaches
  7 goblins
  9 hobgoblins
  12 kobolds
  8 bats
  8 frilled lizards
  A leopard gecko skeleton (D:3)
  10 rats
  A butterfly (D:3)
83 creatures vanquished.

Notes
Turn   | Place    | Note
-------+----------+-------------------------------------------
     0 | D:1      | n0claF the Hill Orc Monk began the quest for the Orb.
     0 | D:1      | Reached XP level 1. HP: 19/19 MP: 1/1
    58 | D:1      | Reached XP level 2. HP: 18/27 MP: 2/2
   222 | D:1      | Reached skill level 1 in Armour
   504 | D:1      | Reached XP level 3. HP: 22/33 MP: 3/3
   723 | D:1      | Reached skill level 5 in Axes
  1193 | D:2      | Reached XP level 4. HP: 30/40 MP: 4/4
  1942 | D:2      | Found a sparkling altar of Nemelex Xobeh.
  2349 | D:3      | Reached skill level 6 in Axes
  2349 | D:3      | Reached XP level 5. HP: 28/47 MP: 5/5
  2719 | D:3      | Slain by a gnoll

Levels and vault maps discovered:
D:1:      saegor_arrival_simple_c, layout_rooms
D:2:      layout_loops_ring, first_ration, nemelex_lonely_heart_becter
D:3:      layout_rooms, gammafunk_ghost_icy, st_stairs_1,
          hangedman_glass_garden, guppyfry_early_orc_mine

Skill      XL: |  1  2  3  4 |
---------------+-------------+-----
Armour         | 1 2 |  2.4
Fighting       | 4 |  4.6
Axes           | 5 6 |  6.2
Dodging        | |  2.4
Stealth        | |  1.5

Action                   |  1- 3 |  4- 6 || total
-------------------------+-------+-------++-------
Melee: Hand axe          |   118 |   136 ||   254
       War axe           |       |     9 ||     9
  Use: Potion            |       |     1 ||     1
 Stab: Sleeping          |     4 |     1 ||     5
  Eat: Chunk             |     1 |     5 ||     6
Armor: Robe              |    12 |       ||    12
       Leather armour    |    10 |    36 ||    46
Dodge: Dodged            |    77 |    95 ||   172

Table legend:
 A = Non-vault XP
 B = Vault XP
 C = Vault XP percentage of total XP
 D = Non-vault monster count
 E = Vault monster count
 F = Vault count percentage of total count
                 A         B        C        D         E       F
            +---------+---------+-------+---------+---------+-------
      Total |     215 |       2 |   0.9 |      80 |       2 |   2.4
            +---------+---------+-------+---------+---------+-------
        D:1 |      57 |       0 |   0.0 |      26 |       0 |   0.0
        D:2 |      61 |       0 |   0.0 |      28 |       0 |   0.0
        D:3 |      97 |       2 |   2.0 |      26 |       2 |   7.1
            +---------+---------+-------+---------+---------+-------
